 Dungeon Crawl Stone Soup version 0.28.0-1-gb440e238dd (webtiles) character file.

Game seed: 17531229309154460522

24 Peloso the Skirmisher (level 2, -2/27 HPs)
             Began as a Minotaur Fighter on Feb 25, 2022.
             Slain by Terence (4 damage)
             ... on level 2 of the Dungeon.
             The game lasted 00:01:36 (1152 turns).

Peloso the Skirmisher (Minotaur Fighter)            Turns: 1152, Time: 00:01:36

Health: -2/27      AC:  7    Str: 20    XL:     2   Next: 79%
Magic:  1/1        EV:  9    Int:  5    God:
Gold:   139        SH:  4    Dex:  9    Spells: 1/1 levels left

rFire   . . .      SeeInvis .   a - +0 long sword
rCold   . . .      Faith    .   c - +0 buckler
rNeg    . . .      Spirit   .   b - +0 scale mail
rPois   .          Reflect  .   (helmet restricted)
rElec   .          Harm     .   (no cloak)
rCorr   .          Rampage  .   (no gloves)
Will    .....                   (no boots)
Stlth   ..........              (no amulet)
HPRegen 0.09/turn               (no ring)
MPRegen 0.07/turn               (no ring)

@: no status effects
A: horns 2, retaliatory headbutt
a: no special abilities


You were on level 2 of the Dungeon.
You visited 1 branch of the dungeon, and saw 2 of its levels.

You collected 139 gold pieces.

Inventory:

Hand Weapons
 a - a +0 long sword (weapon)
Armour
 b - a +0 scale mail (worn)
 c - a +0 buckler (worn)
Scrolls
 e - a scroll of enchant armour {unknown}
 f - a scroll of immolation {unknown}
 g - a scroll of blinking {unknown}
Potions
 d - a potion of might
 h - a potion of brilliance {unknown}


   Skills:
 + Level 4.2 Fighting
 + Level 2.9 Long Blades
 + Level 3.9 Armour
 + Level 3.8 Shields


You had one spell level left.
You didn't know any spells.
Your spell library was empty.

Dungeon Overview and Level Annotations

Branches:
Dungeon (2/15)

Altars:
Elyvilon

Shops:
D:1 ==*((

Annotations:
D:2 Terence


Innate Abilities, Weirdness & Mutations

You have a pair of horns on your head.
You reflexively headbutt those who attack you in melee.


Message History

Terence hits you with a +0 trident! Terence hits you with a +0 trident.
You hit Terence but do no damage.
Terence is lightly wounded.
You block Terence's attack.
You barely miss Terence.
Terence is lightly wounded.
Terence hits you with a +0 trident.
You hit Terence. You headbutt Terence!
Terence is severely wounded.
Terence closely misses you.
You barely miss Terence.
Terence is severely wounded.
You block Terence's attack. Terence barely misses you.
You barely miss Terence.
Terence is severely wounded.
Terence closely misses you. You furiously retaliate!
You headbutt Terence, but do no damage. You barely miss Terence.
Terence is severely wounded.
Terence asks, "Do you want it fast or slow?"
Terence hits you with a +0 trident.
You barely miss Terence.
Terence is severely wounded.
Terence hits you with a +0 trident.
* * * LOW HITPOINT WARNING * * *
You hit Terence but do no damage. Your headbutt misses Terence.
Terence is severely wounded.
Terence misses you. Terence hits you with a +0 trident.
* * * LOW HITPOINT WARNING * * *
You hit Terence.
Terence is almost dead.
Terence hits you but does no damage.
You hit Terence but do no damage.
Terence is almost dead.
Terence hits you with a +0 trident.
* * * LOW HITPOINT WARNING * * *
You hit Terence but do no damage. Your headbutt misses Terence.
Terence is almost dead.
Terence hits you with a +0 trident.
You die...

#....#. ## ..... .
########... .#
....$.....####.#
...............
......._.....# ###.#
..........##.#.....#
...[..@@...†<..#
####......####.#
##.#....# # #......#
###.##+# #.. #.. #..


You could see Terence.

Vanquished Creatures
  A worm (D:1)
  A dart slug (D:1)
  5 bats (D:1)
  An endoplasm (D:1)
  A goblin (D:1)
  2 kobolds (D:1)
  2 quokkas (D:1)
  2 ball pythons (D:1)
  2 frilled lizards
  2 rats (D:1)
19 creatures vanquished.

Notes
Turn   | Place    | Note
-------+----------+-------------------------------------------
     0 | D:1      | Peloso the Minotaur Fighter began the quest for the Orb.
     0 | D:1      | Reached XP level 1. HP: 19/19 MP: 0/0
   141 | D:1      | Found Mautaer's Assorted Antiques.
   148 | D:1      | Found Aklykecu's Weapon Emporium.
   426 | D:1      | Found Vokuk's Jewellery Boutique.
   428 | D:1      | Reached skill level 4 in Fighting
   428 | D:1      | Reached XP level 2. HP: 25/27 MP: 1/1
   480 | D:1      | Found Dinen's Jewellery Boutique.
   517 | D:1      | Found a faded altar of an unknown god.
   543 | D:1      | Found Ducoluin's Antique Weapon Shop.
   933 | D:2      | Found a white marble altar of Elyvilon.
   934 | D:2      | Noticed Terence
  1152 | D:2      | Slain by Terence

Illustrated notes

Levels and vault maps discovered:
D:1:      kilobyte_arrival_exit_the_forest, layout_basic, serial_shops,
          shop_coins, shop, nicolae_shop_waterfront, nicolae_shop_waterfront,
          shop, shapermc_ecumenical_altar_acropolis
D:2:      layout_basic, basic_altar, serial_shops, shop_fountains,
          solitary_fountain, minmay_quadrilaterals, uniq_terence

Skill      XL: |  1 |
---------------+----+-----
Fighting       | 4 |  4.2
Long Blades    | |  2.9
Armour         | |  3.9
Shields        | |  3.8

Action                   || total
-------------------------++-------
Melee: Long sword        ||    60
       Headbutt          ||     8
Armor: Scale mail        ||    38
Dodge: Dodged            ||    41
Block: Buckler           ||    20
